 Dungeon Crawl Stone Soup version 0.32-a0-913-g739538afd8 (webtiles) character file.

Game seed: 7172752253266410688

417 Biggs the Changeling (level 6, -11/38 HPs)
             Began as an Octopode Shapeshifter on Apr 9, 2024.
             Mangled by an ogre
             ... wielding a +0 giant club
              (24 damage)
             ... on level 5 of the Dungeon.
             The game lasted 00:07:43 (3937 turns).

Biggs the Changeling (Octopode Shapeshifter)        Turns: 3937, Time: 00:07:43

Health: -11/38     AC:  1    Str: 15    XL:     6   Next: 92%
Magic:  6/6        EV: 12    Int: 13    God:
Gold:   198        SH:  0    Dex: 11    Spells: 5/5 levels left

rFire   . .          .
                       - Unarmed
rCold   . . .        (no shield)
rNeg    . . .        (helmet currently unavailable)
rPois   .            (no amulet)
rElec   .            (no ring)
rCorr   .            (no ring)
SInv    .            (no ring)
Will    .....        (no ring)
Stlth   ++           (no ring)
HPRegen 0.26/turn    (no ring)
MPRegen 0.10/turn    (no ring)
                     (no ring)

%: no passive effects
@: beast-form
A: beast (slay +4), almost no armour, amphibious, 8 rings, camouflage 1,
gelatinous body 1, (nimble swimmer 1), tentacles
a: Begin Untransformation


You were on level 5 of the Dungeon.
You were a hulking beast.
You visited 1 branch of the dungeon, and saw 5 of its levels.
You also visited: Sewer.

You collected 198 gold pieces.

Inventory:

Talismans
 b - a beast talisman (active)
 c - a flux talisman
Scrolls
 d - a scroll of fog {unknown}
 f - 3 scrolls of identify {unknown}
 h - 2 scrolls of poison {unknown}
 i - 3 scrolls of teleportation {unknown}
 j - a scroll of enchant weapon {unknown}
 l - a scroll of revelation {unknown}
 m - 2 scrolls of vulnerability {unknown}
 n - a scroll of amnesia {unknown}
 o - 5 scrolls of fear {unknown}
 s - a scroll of noise {unknown}
Potions
 a - 3 potions of lignification
 e - 2 potions of curing {unknown}
 g - a potion of magic {unknown}
 k - 2 potions of mutation {unknown}
 p - 3 potions of heal wounds
 q - 2 potions of enlightenment
 r - a potion of berserk rage {unknown}


   Skills:
 - Level 1.0 Fighting
 - Level 2.0 Dodging
 + Level 3.1 Unarmed Combat
 - Level 7.0 Shapeshifting


You had 5 spell levels left.
You didn't know any spells.
Your spell library contained the following spells:

 Spells                   Type           Power      Damage    Failure   Level
 Necrotise                Necr           0%         1d4       30%         1
 Summon Ice Beast         Ice/Summ       0%         N/A       67%         3
 Vampiric Draining        Necr           0%         2d6       67%         3
 Martyr's Knell           Necr/Summ      0%         N/A       97%         4
 Curse of Agony           Necr           0%         N/A       100%        5
 Summon Mana Viper        Hex/Summ       0%         N/A       100%        5
 Monstrous Menagerie      Summ           0%         N/A       100%        7


Dungeon Overview and Level Annotations

Branches:
Dungeon (5/15)              Sewer (visited)
 Temple: D:4-7

Altars:
Cheibriados


Innate Abilities, Weirdness & Mutations

You are a hulking beast.
Your limbs bulge with bestial killing power. (Slay +4)
You cannot wear most types of armour.
You are amphibious.
You can wear up to eight rings at the same time.
Your skin changes colour to match your surroundings (Stealth+).
Your rubbery body absorbs attacks. (AC +1, EV +1)
((You are camouflaged when in or above water. (Stealth+)))
You have tentacles for arms and can constrict up to eight enemies at once.


Message History

The orc closely misses you.
You tentacle-slap the orc.
You kill the orc!
You completely miss the orc. You grab the orc. You constrict the orc.
The orc hits you with a +0 hand axe.
You bludgeon the orc!
You kill the orc!
You tentacle-slap the orc but do no damage.
You grab the orc. You squeeze the orc, but do no damage. You constrict the orc.
The orc closely misses you.
You tentacle-slap the orc.
The orc is severely wounded.
You constrict the orc.
You kill the orc!
Items here: ( ))) [ †.
Unknown command.
HP restored.
An ogre comes into view. It is wielding a +0 giant club.
An ogre is nearby!
An ogre is nearby!
An ogre is nearby!
The ogre shouts!
Items here: ( ))) [ †.
Things that are here:
a +0 dagger; a +0 robe; an orc corpse
Okay, then.
You bludgeon the ogre!
The ogre is moderately wounded.
The ogre misses you.
You tentacle-slap the ogre.
The ogre is heavily wounded.
You tentacle-slap the ogre.
The ogre is heavily wounded.
The ogre hits you with a +0 giant club!!
Ouch! That really hurt!
You tentacle-slap the ogre.
The ogre is severely wounded.
The ogre hits you with a +0 giant club!!
Ouch! That really hurt!
You die...

#....#
#....#
###.## #.#
#.## #..#
##.## #..#
.. ##h#
.... #O#
.....####)#
#.O..#.#
####...#
#####


You could see an ogre.

Vanquished Creatures
  A kobold brigand (Sewer)
  A howler monkey (D:4)
  An iguana (D:4)
  A sleepcap (D:4)
  An orc wizard (D:5)
  7 gnolls (D:4)
  5 adders
  2 river rats (Sewer)
  5 dart slugs
  3 ribbon worms
  6 orcs
  3 ball pythons
  4 bats
  5 endoplasms
  6 goblins
  5 hobgoblins
  10 jackals
  A quokka (D:4)
  3 frilled lizards
  11 kobolds
  9 rats
  A spectral kobold (D:2)
91 creatures vanquished.

Notes
Turn   | Place    | Note
-------+----------+-------------------------------------------
     0 | D:1      | Biggs the Octopode Shapeshifter began the quest for the
                  | Orb.
     0 | D:1      | Reached XP level 1. HP: 13/13 MP: 1/1
   143 | D:1      | Reached XP level 2. HP: 17/18 MP: 2/2
   713 | D:1      | Reached XP level 3. HP: 17/23 MP: 3/3
   820 | D:2      | Reached skill level 4 in Shapeshifting
   993 | D:2      | Found a faded altar of an unknown god.
  1406 | D:2      | Reached XP level 4. HP: 28/28 MP: 4/4
  2201 | D:3      | Found a glowing drain.
  2210 | Sewer    | Entered a sewer
  2214 | Sewer    | Reached skill level 5 in Shapeshifting
  2330 | Sewer    | Noticed a kobold brigand
  2402 | Sewer    | Killed a kobold brigand
  2403 | Sewer    | Reached XP level 5. HP: 12/33 MP: 5/5
  2530 | Sewer    | Found a white marble altar of Elyvilon.
  2962 | D:4      | Reached skill level 6 in Shapeshifting
  2963 | D:4      | Reached XP level 6. HP: 17/38 MP: 6/6
  3539 | D:4      | Found a snail-covered altar of Cheibriados.
  3832 | D:4      | Identified the +0 leather armour "Kiuphu" {rPois Str+7}
  3866 | D:5      | Entered Level 5 of the Dungeon
  3902 | D:5      | Reached skill level 7 in Shapeshifting
  3937 | D:5      | Mangled by an ogre

Illustrated notes

Levels and vault maps discovered:
D:1:      dpeg_chamrin_arrival_tetris, layout_basic
D:2:      layout_basic, dreamdust_ecumenical_altar_drowned_temple
D:3:      layout_loops_ring, cheibrodos_sewer_entry_bend, st_stairs_2,
          minmay_misc_feat_roman
D:4:      layout_loops_ring, kennysheep_slug_shrine, skrybe_limestone_x
D:5:      layout_rooms, nicolae_sif_muna_little_library,
          lemuel_temple_firewalk_b

Skill      XL: |  1  2  3  4  5  6 |
---------------+-------------------+-----
Shapeshifting  | 4 5 6 7 |  7.0
Fighting       | |  1.0
Dodging        | |  2.0
Unarmed Combat | |  3.1

Action                     |  1- 3 |  4- 6 || total
---------------------------+-------+-------++-------
  Melee: Unarmed           |    62 |   109 ||   171
         Constrict         |    13 |    38 ||    51
         Tentacles         |    10 |    32 ||    42
         Punch             |     1 |       ||     1
   Stab: Sleeping          |     8 |     4 ||    12
 Armour: Skin              |    26 |    45 ||    71
  Dodge: Dodged            |    27 |    46 ||    73

Table legend: (Time is in decaauts)
 A = Elapsed time spent in this place.
 B = Non-inter-level travel time spent in this place.
 C = Inter-level travel time spent in this place.
 D = Time resting spent in this place.
 E = Time spent auto-exploring this place.
 F = Levels seen in this place.
 G = Mean time per level.
                   A        B        C        D        E       F      G
               +--------+--------+--------+--------+--------+-----+--------+
         Total |   3925 |   3867 |     58 |     14 |   3129 |   6 |  654.2 |
       Dungeon |   3571 |   3513 |     58 |      0 |   2910 |   5 |  714.2 |
         Sewer |    354 |    354 |      0 |     14 |    219 |   1 |  354.0 |
               +--------+--------+--------+--------+--------+-----+--------+

Top non-repeatable levels by time:
     D:2: 1066 daAuts
     D:4: 923 daAuts
     D:1: 793 daAuts
     D:3: 718 daAuts
   Sewer: 354 daAuts
     D:5: 70 daAuts
